 Dungeon Crawl Stone Soup version 0.19.1-1-g22dce08 (webtiles) character file.

1937 galech the Ruffian (level 8, -7/83 HPs)
             Began as a Troll Monk on Dec 29, 2016.
             Mangled by shugdite's ghost (9 damage)
             ... in a bailey.
             The game lasted 00:13:16 (5056 turns).

galech the Ruffian (Troll Monk)                     Turns: 5056, Time: 00:13:16

Health: -7/83      AC:  8    Str: 20    XL:     8   Next: 97%
Magic:  7/7        EV:  8    Int:  6    God:
Gold:   406        SH: 14    Dex: 14    Spells: 0 memorised, 7 levels left

rFire  . . .     SeeInvis .       - Unarmed
rCold  . . .     Gourm    +     w - +2 animal skin
rNeg   . . .     Faith    +     J - +2 large shield
rPois  .         Spirit   .     (helmet restricted)
rElec  .         Reflect  .     H - +0 cloak
rCorr  .         Harm     .     (gloves unavailable)
MR     .....                    (boots unavailable)
Stlth  ++........               A - amulet of faith
                                (no ring)
                                (no ring)

@: no status effects
A: unfitting armour, claws 3, fast metabolism 3, gourmand, regeneration 1,
shaggy fur 1, tough skin 2
a: no special abilities


You were in a bailey.
You were full.

You visited 1 branch of the dungeon, and saw 7 of its levels.
You also visited: Bailey.

You collected 406 gold pieces.

Inventory:

Hand Weapons
 L - the cursed +0 halberd "Wen Saoh" {flame, *Noise rC+ MR+ Int+3 Dex+2, unknown}
   (You found it on level 7 of the Dungeon)

   It has been specially enchanted to burn those struck by it, causing extra
   injury to most foes and up to half again as much damage against particularly
   susceptible opponents.
   Big, fiery blades are also staple armaments of hydra-hunters.
   It affects your intelligence (+3).
   It affects your dexterity (+2).
   It protects you from cold.
   It affects your resistance to hostile enchantments.
   It may make noises in combat.
   It has a curse placed upon it.
Armour
 a - a +0 robe
 w - a +2 animal skin (worn)
 H - a +0 cloak (worn)
 J - a +2 large shield (worn)
Jewellery
 A - an amulet of faith (around neck)
 E - an uncursed amulet of guardian spirit {unknown}
Wands
 C - a wand of lightning (7/15)
 F - a wand of iceblast (4/15)
 G - a wand of lightning (5/15)
Scrolls
 c - 4 scrolls of remove curse {unknown}
 d - a scroll of magic mapping {unknown}
 e - 2 scrolls of fear {unknown}
 i - 2 scrolls of fog {unknown}
 k - a scroll of enchant armour {unknown}
 n - 3 scrolls of identify {unknown}
 p - a scroll of enchant weapon {unknown}
 t - a scroll of immolation {unknown}
 y - 2 scrolls of random uselessness {unknown}
 B - 2 scrolls of teleportation {unknown}
 D - a scroll of blinking {unknown}
 K - a scroll of amnesia {unknown}
Potions
 f - 3 potions of magic {unknown}
 g - 4 potions of brilliance {unknown}
 h - 4 potions of curing {unknown}
 l - 3 potions of might {unknown}
 m - 2 potions of heal wounds {unknown}
 o - a potion of invisibility
 q - a potion of haste {unknown}
 r - a potion of cure mutation {unknown}
 I - a potion of berserk rage {unknown}
Books
 x - a book of Misfortune

   Spells                             Type                      Level
   a - Confusing Touch                Hexes                        1
   b - Confuse                        Hexes                        3
   c - Gell's Gravitas                Hexes/Translocation          3
   d - Petrify                        Transmutation/Earth          4
   e - Metabolic Englaciation         Hexes/Ice                    5
   f - Yara's Violent Unravelling     Hexes/Transmutation          5
Comestibles
 b - 4 bread rations
 j - 5 meat rations
 s - 2 royal jellies
 u - 4 beef jerkies
 v - 2 fruits
 z - a slice of pizza


   Skills:
 + Level 5.9 Fighting
 + Level 6.1 Dodging
 - Level 1.0 Stealth
 + Level 1.4 Shields
 + Level 7.2 Unarmed Combat


You had 7 spell levels left.
You didn't know any spells.

Dungeon Overview and Level Annotations

Branches:
Dungeon (7/15)
 Temple: D:4-7

Altars:
Ashenzari
Dithmenos
Elyvilon
Nemelex Xobeh
Okawaru
Qazlal
Trog

Annotations:
Bailey shugdite's ghost, novice MiFi


Innate Abilities, Weirdness & Mutations

You are too large for most types of armour.
You have claws for hands.
Your metabolism is lightning-fast.
You like to eat raw meat.
Your natural rate of healing is unusually fast.
You are covered in fur. (AC +1)
You have very tough skin. (AC +2)


Message History

Shugdite's ghost hits you!
* * * LOW HITPOINT WARNING * * *
You claw the centaur!
The centaur is heavily wounded.
The centaur closely misses you. You block the orc's attack.
You block shugdite's ghost's attack.
You completely miss the centaur.
The centaur is heavily wounded.
The centaur closely misses you.
The orc hits you from afar with a trident.
* * * LOW HITPOINT WARNING * * *
Shugdite's ghost barely misses you. You block the centaur's attack.
You barely miss the centaur.
The centaur is heavily wounded.
You block shugdite's ghost's attack. You block the orc's attack.
The centaur closely misses you.
You barely miss the centaur.
The centaur is heavily wounded.
Shugdite's ghost hits you!
You die...

.≈≈≈≈≈....##
≈≈...≈≈≈.⌠.#
..≈≈..≈o≈..≈≈..#
.≈≈.≈≈≈.≈≈≈.≈≈.#
.≈.≈≈.....≈≈.≈o##
.≈≈.≈.≈≈≈≈≈o≈.≈≈.#
.≈.≈≈.≈...≈c≈≈.≈.#
.≈.≈.≈≈...≈≈@≈.≈o#
.≈.≈.≈.⌠∩⌠.≈W≈.≈.#
.≈.≈.≈..∩..≈(≈o≈.#
.≈.≈.≈.⌠∩⌠.≈.≈o≈.#
.≈.≈.≈≈...≈≈o≈o≈.#
.≈.≈≈.≈...≈.≈≈c≈.#
.≈≈.≈.≈≈(≈≈.≈o≈≈.#
..≈.≈≈.≈.≈.≈≈.≈..+
.....≈≈.o.≈≈.c...#


You could see 2 centaurs, shugdite's ghost and 9 orcs.

Vanquished Creatures
  Grinder (D:6)
  Sigmund (D:3)
  A hungry ghost (D:3)
  A water moccasin (D:6)
  An ice beast (D:6)
  5 ogres
  A water moccasin skeleton (D:6)
  A howler monkey (D:4)
  2 crimson imps (D:5)
  A bullfrog zombie (D:5)
  A hound (D:4)
  3 orc priests
  Crazy Yiuf (D:6)
  A gnoll shaman (D:6)
  2 orc wizards (D:6)
  A centaur skeleton (D:4)
  Terence (D:2)
  Ijyb (D:3)
  An iguana (D:5)
  Natasha (twice) (D:3)
  Robin (D:3)
  3 gnolls (D:6)
  6 adders
  A shadow imp (D:7)
  3 oozes
  An adder zombie (D:5)
  2 worms
  2 adder skeletons
  3 dart slugs
  15 leopard geckos
  15 orcs
  4 giant cockroaches
  13 goblins
  9 hobgoblins
  2 jackals (D:3)
  4 quokkas
  2 ball pythons
  4 bats
  6 frilled lizards
  9 kobolds
  A leopard gecko skeleton (D:4)
  A quokka skeleton (D:6)
  5 rats
141 creatures vanquished.

Notes
Turn   | Place    | Note
-------+----------+-------------------------------------------
     0 | D:1      | galech the Troll Monk began the quest for the Orb.
     0 | D:1      | Reached XP level 1. HP: 22/22 MP: 0/0
   196 | D:1      | Reached XP level 2. HP: 29/29 MP: 1/1
   750 | D:1      | Reached XP level 3. HP: 36/36 MP: 2/2
  1100 | D:2      | Noticed Terence
  1107 | D:2      | Killed Terence
  1107 | D:2      | Reached XP level 4. HP: 34/44 MP: 3/3
  1594 | D:3      | Reached skill level 4 in Unarmed Combat
  1694 | D:3      | Noticed Sigmund
  1696 | D:3      | Noticed a hungry ghost
  1708 | D:3      | Killed Sigmund
  1708 | D:3      | Reached XP level 5. HP: 30/53 MP: 4/4
  1708 | D:3      | Reached XP level 6. HP: 34/61 MP: 5/5
  1725 | D:3      | Killed a hungry ghost
  1783 | D:3      | Noticed Natasha
  1785 | D:3      | Killed Natasha
  1785 | D:3      | Reached skill level 5 in Unarmed Combat
  2033 | D:3      | Noticed Ijyb
  2043 | D:3      | Noticed Robin
  2045 | D:3      | Killed Ijyb
  2045 | D:3      | Reached XP level 7. HP: 64/70 MP: 6/6
  2055 | D:3      | Killed Robin
  2272 | D:3      | Noticed Natasha
  2276 | D:3      | Killed Natasha
  2751 | D:4      | Found a bloodstained altar of Trog.
  2760 | D:4      | Found a shattered altar of Ashenzari.
  2767 | D:4      | Found a stormy altar of Qazlal.
  2772 | D:4      | Found a white marble altar of Elyvilon.
  2783 | D:4      | Found a shadowy altar of Dithmenos.
  2790 | D:4      | Found a sparkling altar of Nemelex Xobeh.
  2795 | D:4      | Found an iron altar of Okawaru.
  2915 | D:4      | Reached skill level 5 in Dodging
  3206 | D:4      | Reached skill level 6 in Unarmed Combat
  3310 | D:5      | Entered Level 5 of the Dungeon
  3475 | D:5      | Reached XP level 8. HP: 76/79 MP: 7/7
  3692 | D:5      | Identified a -1 rod of ignition (10/10) (You found it on level 5 of the Dungeon)
  3795 | D:5      | Reached skill level 5 in Fighting
  4432 | D:6      | Noticed Grinder
  4449 | D:6      | Killed Grinder
  4449 | D:6      | Reached skill level 1 in Shields
  4449 | D:6      | Reached skill level 7 in Unarmed Combat
  4634 | D:6      | Found a runed door.
  4638 | D:6      | Noticed Crazy Yiuf
  4644 | D:6      | Killed Crazy Yiuf
  5011 | D:7      | Found a flagged portal.
  5019 | D:7      | Got a translucent halberd
  5022 | Bailey   | Entered a bailey
  5022 | Bailey   | Noticed shugdite's ghost (novice MiFi)
  5052 | Bailey   | HP: 2/83 [shugdite's ghost (13)]
  5056 | Bailey   | Mangled by shugdite's ghost

Skill      XL: |  1  2  3  4  5  6  7  8 |
---------------+-------------------------+-----
Dodging        | 3 4 5 6 |  6.1
Fighting       | 3 4 5 |  5.9
Unarmed Combat | 4 5 6 7 |  7.2
Shields        | 1 |  1.4
Stealth        | |  1.0

Action                   |  1- 3 |  4- 6 |  7- 9 || total
-------------------------+-------+-------+-------++-------
Melee: Unarmed           |    85 |   130 |   247 ||   462
       Punch             |       |     1 |     6 ||     7
 Stab: Sleeping          |     2 |     1 |     3 ||     6
  Eat: Chunk             |    12 |    24 |    24 ||    60
Armor: Robe              |    40 |    34 |    12 ||    86
       Animal skin       |       |       |    46 ||    46
Dodge: Dodged            |    38 |    60 |   120 ||   218
Block: Large shield      |       |       |    70 ||    70
